 Dungeon Crawl Stone Soup version 0.19.4-8-ga85b6b9 (webtiles) character file.

91 JNO the Vandal (level 4, -7/30 HPs)
             Began as a Halfling Hunter on Feb 9, 2017.
             Killed by divine providence
             ... invoked by an orc priest
              (11 damage)
             ... on level 3 of the Dungeon.
             The game lasted 00:11:55 (1962 turns).

JNO the Vandal (Halfling Hunter)                    Turns: 1962, Time: 00:11:56

Health: -7/30      AC:  4    Str: 13    XL:     4   Next: 87%
Magic:  4/4        EV: 15    Int:  9    God:
Gold:   144        SH:  0    Dex: 15    Spells: 0 memorised, 3 levels left

rFire  x . .     SeeInvis .     a - +1 hunting sling
rCold  + . .     Gourm    .     n - +0 leather armour
rNeg   . . .     Faith    .     (shield restricted)
rPois  .         Spirit   .     (no helmet)
rElec  .         Reflect  .     o - +0 cloak
rCorr  .         Harm     .     (no gloves)
MR     .....                    (no boots)
Stlth  +++.......               (no amulet)
                                w - ring of ice
                                m - ring of stealth

@: no status effects
A: mutation resistance 1
a: no special abilities


You were on level 3 of the Dungeon.
You were not hungry.

You visited 1 branch of the dungeon, and saw 3 of its levels.

You collected 144 gold pieces.

Inventory:

Hand Weapons
 a - a +1 hunting sling (weapon)
 b - a +0 short sword
 v - a cursed -2 dagger
Missiles
 d - 40 sling bullets
 e - 116 stones (quivered)
Armour
 n - a +0 leather armour (worn)
 o - a +0 cloak (worn)
Jewellery
 m - a ring of stealth (left hand)
 w - a ring of ice (right hand)
Scrolls
 h - a scroll of enchant armour {unknown}
 i - 3 scrolls of identify {unknown}
 j - a scroll of noise {unknown}
 l - a scroll of amnesia {unknown}
 r - a scroll of random uselessness {unknown}
 t - a scroll of remove curse {unknown}
 u - 2 scrolls of immolation {unknown}
Potions
 c - 2 potions of curing {unknown}
 k - 3 potions of lignification {unknown}
 q - a potion of haste {unknown}
Comestibles
 f - 4 bread rations
 g - a royal jelly
 p - a beef jerky
 s - a meat ration


   Skills:
 + Level 2.3 Fighting
 - Level 0.2 Short Blades
 + Level 6.6 Slings
 + Level 3.2 Dodging
 + Level 2.5 Stealth


You had 3 spell levels left.
You didn't know any spells.

Dungeon Overview and Level Annotations

Branches:
Dungeon (3/15)

Altars:
Gozag

Annotations:
D:2 Sigmund


Innate Abilities, Weirdness & Mutations

You are small and have problems with some larger weapons.
You are somewhat resistant to further mutation.


Message History

Pain shoots through your body!
Firing (i - inventory. (,) - cycle):
e - 118 stones (quivered)
Press: ? - help, Shift-Dir - straight line, f/p - orc priest
Aim: an orc priest, wielding a mace You shoot a stone.
The stone hits the orc priest.
The orc priest is moderately wounded.
The orc priest invokes the aid of Beogh against you.
Beogh smites you!
Firing (i - inventory. (,) - cycle):
e - 117 stones (quivered)
Press: ? - help, Shift-Dir - straight line, f/p - orc priest
Aim: an orc priest, wielding a mace (moderately wounded)
You shoot a stone.
The stone closely misses the orc priest.
The stone barely misses the orc priest.
The orc priest invokes the aid of Beogh against you.
Beogh smites you!
* * * LOW HITPOINT WARNING * * *
The orc priest calls down the wrath of Beogh upon you.
Beogh smites you!
You die...

. (. ...
########## ((.o
#........#
..(.o####........#
#..oo..#........#
#..@.†)....## #
#######.....####.#
###....<...#
#####.#### #.# ###
#.###... #.#...#
#...# #...#


You could see 2 orc priests and an orc.

Vanquished Creatures
  4 adders (D:2)
  A worm (D:2)
  2 dart slugs
  An orc (D:3)
  A ball python (D:1)
  7 bats
  A giant cockroach (D:3)
  9 goblins
  6 hobgoblins
  A quokka (D:2)
  5 frilled lizards
  2 kobolds
  9 rats
49 creatures vanquished.

Notes
Turn   | Place    | Note
-------+----------+-------------------------------------------
     0 | D:1      | JNO the Halfling Hunter began the quest for the Orb.
     0 | D:1      | Reached XP level 1. HP: 14/14 MP: 1/1
   237 | D:1      | Reached XP level 2. HP: 19/19 MP: 2/2
   402 | D:1      | Reached skill level 6 in Slings
   644 | D:1      | Reached XP level 3. HP: 24/24 MP: 3/3
  1038 | D:2      | Noticed Sigmund
  1076 | D:2      | Found a faded altar of an unknown god.
  1250 | D:2      | Reached XP level 4. HP: 29/29 MP: 4/4
  1827 | D:2      | Found an opulent altar of Gozag.
  1962 | D:3      | Killed from afar by an orc priest

Skill      XL: |  1  2  3  4 |
---------------+-------------+-----
Fighting       | 2 |  2.3
Slings         | 6 |  6.6
Stealth        | 2 |  2.5
Dodging        | 3 |  3.2
Short Blades   | |  0.2

Action                   |  1- 3 |  4- 6 || total
-------------------------+-------+-------++-------
Melee: Short sword       |    19 |    11 ||    30
 Fire: Hunting sling     |    60 |    54 ||   114
  Eat: Chunk             |     1 |     2 ||     3
Armor: Leather armour    |    10 |     1 ||    11
Dodge: Dodged            |    21 |    14 ||    35
